[Event "Monday 23 April Rapid Engine Tour 12+1 Rounds 9 Starts 1600ST"]
[Site "Infinity Chess"]
[Date "2018.4.23"]
[Round "6"]
[White "Thinker"]
[Black "MarioDeMonti"]
[Result "1/2-1/2"]
[ECO "C55"]
[WhiteElo "2468"]
[BlackElo "2486"]
[WhiteEngine "BrainFish_180418_x64_modern_CTG"]
[BlackEngine "stockfish_x64_bmi2_2018_02_18_CTG"]
[EventType "Swiss"]
[WhiteTeam ""]
[BlackTeam ""]
[PlyCount "168"]
[TimeControl "720+1"]

1. e4 e5 2. Nf3 Nc6 3. Bc4 Nf6 4. d3 Bc5 5. c3 d6 6. O-O O-O 7. h3 a5 8. Nbd2 h6 
9. Re1 Be6 10. b3 Bb6 11. a4 d5 12. Bb5 Ne7 13. exd5 Nfxd5 14. Qc2 c6 
15. Bc4 Ng6 16. d4 Ndf4 17. dxe5 Nh4 18. Bf1 Bd5 19. Re4 Nfg6 20. Bc4 Re8 
21. g3 Qd7 22. Bxd5 Nxf3+ 23. Nxf3 cxd5 24. Rg4 Qc6 25. Nd4 Bxd4 26. Rxd4 Nxe5 
27. Kg2 b5 28. axb5 Qxb5 29. Qd1 Qb7 30. Rxd5 a4 31. f3 Rac8 32. Bf4 Ng6 
33. Rxa4 Rxc3 34. Rd3 Qc6 35. Rxc3 Qxc3 36. Bc1 Rc8 37. Bd2 Qd3 38. Re4 Qd5 
39. Qe1 Rc2 40. Re2 Ne5 41. Rxe5 Rxd2+ 42. Re2 Rxe2+ 43. Qxe2 Qxb3 44. g4 Qc3 
45. Qe8+ Kh7 46. Qxf7 Qd2+ 47. Kf1 Qd3+ 48. Ke1 Qc3+ 49. Ke2 Qc2+ 50. Ke3 Qc3+ 
51. Kf4 Qb4+ 52. Ke3 Qc5+ 53. Kd2 Qf2+ 54. Kd3 Qe1 55. Qf4 Qd1+ 56. Ke4 Qb1+ 
57. Ke3 Qe1+ 58. Kd4 Qf1 59. Qg3 Qa1+ 60. Ke3 Qc3+ 61. Kf2 Qb2+ 62. Kf1 g5 
63. Qd6 Qb5+ 64. Kf2 Qb2+ 65. Kg3 Qe2 66. Qd7+ Kg8 67. Qc8+ Kf7 68. Qf5+ Kg7 
69. Qe4 Qd2 70. Qe7+ Kg6 71. Qe4+ Kg7 72. Qe7+ Kg6 73. Qe5 Kh7 74. Qc5 Qe1+ 
75. Kg2 Qe2+ 76. Qf2 Qxf2+ 77. Kxf2 Kg6 78. Ke3 Kf7 79. Kd3 Kg7 80. Kd4 Kf6 
81. f4 gxf4 82. Ke4 Kg5 83. Kf3 h5 84. gxh5 Kxh5 1/2-1/2

[Event "Monday 23 April Rapid Engine Tour 12+1 Rounds 9 Starts 1600ST"]
[Site "Infinity Chess"]
[Date "2018.4.23"]
[Round "6"]
[White "KRAKEN"]
[Black "Marsell"]
[Result "1-0"]
[ECO "D11"]
[WhiteElo "2533"]
[BlackElo "2471"]
[WhiteEngine "Raubfisch ME262_GTZ17b1_CTG"]
[BlackEngine "BrainFish_180418_x64_bmi2"]
[EventType "Swiss"]
[WhiteTeam ""]
[BlackTeam ""]
[PlyCount "217"]
[TimeControl "720+1"]

1. d4 d5 2. c4 c6 3. Nf3 Nf6 4. e3 e6 5. b3 c5 6. Bb2 cxd4 7. Nxd4 e5 8. Nf3 Nc6 
9. a3 Bd6 10. cxd5 Nxd5 11. Nbd2 f6 12. Bd3 Be6 13. b4 Qd7 14. O-O Rd8 
15. Qb1 g6 16. Ne4 Be7 17. Be2 O-O 18. Rd1 Qc8 19. h3 Nb6 20. Rc1 Qd7 
21. Bc3 Rc8 22. Nc5 Bxc5 23. bxc5 Nd5 24. Be1 Nd8 25. Nd2 Nf7 26. Qb2 Rfd8 
27. Nc4 Kg7 28. Bf1 Rc6 29. f3 Qe7 30. Bf2 Rdc8 31. e4 Nf4 32. Na5 R6c7 
33. Kh2 Bd7 34. Qb4 Bc6 35. Rd1 Ne6 36. Rab1 Rd8 37. Bc4 Rcd7 38. Rxd7 Rxd7 
39. Nxc6 bxc6 40. a4 Nfd8 41. a5 Rb7 42. Qe1 Rxb1 43. Qxb1 Kf8 44. h4 Nd4 
45. Qb4 Ke8 46. f4 Qd7 47. fxe5 fxe5 48. Qb8 Qe7 49. Be1 h5 50. Ba6 Nc2 
51. Bg3 Qxc5 52. Qxe5+ Qxe5 53. Bxe5 Kd7 54. Bb8 Nb4 55. Bc4 a6 56. Ba7 Ne6 
57. e5 c5 58. Bb6 Ke7 59. Kg3 Kd7 60. Kf3 Nd4+ 61. Ke3 Ne6 62. Ke4 Ke7 
63. Ke3 Kd7 64. Kd2 Nf4 65. Bxc5 Nc6 66. Bxa6 Nxa5 67. Ke3 Nxg2+ 68. Ke4 Nxh4 
69. Kd5 Kc7 70. e6 Nc6 71. e7 Nxe7+ 72. Bxe7 Kb6 73. Bc4 Nf5 74. Bc5+ Kc7 
75. Ke5 h4 76. Bf7 Ng3 77. Bxg6 h3 78. Bg1 Nf1 79. Bf2 Kd8 80. Bf5 h2 
81. Be4 Nd2 82. Bh1 Ke7 83. Kd4 Nb3+ 84. Kc4 Nc1 85. Bg3 Ke6 86. Bxh2 Kf5 
87. Bf3 Na2 88. Bd6 Nc1 89. Kc3 Na2+ 90. Kb2 Ke6 91. Bc5 Ke5 92. Kxa2 Kf4 
93. Bh1 Kg5 94. Kb3 Kg4 95. Kc4 Kf4 96. Kd5 Kf5 97. Be4+ Kf6 98. Bb4 Kg5 
99. Ke5 Kh4 100. Kf4 Kh5 101. Be7 Kh6 102. Kf5 Kh7 103. Kf6+ Kh6 104. Bf3 Kh7 
105. Bc5 Kh6 106. Bf8+ Kh7 107. Kf7 Kh8 108. Bg7+ Kh7 109. Be4# 1-0

[Event "Monday 23 April Rapid Engine Tour 12+1 Rounds 9 Starts 1600ST"]
[Site "Infinity Chess"]
[Date "2018.4.23"]
[Round "5"]
[White "CrapCleaner"]
[Black "beka"]
[Result "1-0"]
[ECO "C55"]
[WhiteElo "2443"]
[BlackElo "2307"]
[WhiteEngine "Raubfisch ME262_GTZ17b1_CTG"]
[BlackEngine "Eman 1.70-beta21 64-bit"]
[EventType "Swiss"]
[WhiteTeam ""]
[BlackTeam ""]
[PlyCount "129"]
[TimeControl "720+1"]

1. e4 e5 2. Nf3 Nc6 3. Bc4 Nf6 4. d3 Bc5 5. c3 d6 6. O-O a5 7. Bg5 h6 8. Bh4 O-O 
9. a4 g5 10. Bg3 Kg7 11. Nbd2 Qe7 12. Re1 Be6 13. h3 Nh5 14. Nxe5 Nxg3 
15. Nxc6 bxc6 16. Bxe6 fxe6 17. d4 Ba7 18. fxg3 e5 19. Nf3 Rab8 20. Re2 exd4 
21. Nxd4 Qe6 22. Kh2 Bxd4 23. Qxd4+ Qe5 24. Qa7 Rbc8 25. Qb7 Qc5 26. Rd1 g4 
27. h4 h5 28. e5 d5 29. Qa6 Qc4 30. Qxc4 dxc4 31. Rd7+ Kg6 32. e6 Rfd8 
33. Re5 Rxd7 34. exd7 Rd8 35. Rg5+ Kf7 36. Rxa5 Ke7 37. Rxh5 Kxd7 38. Rg5 Rh8 
39. Rxg4 Ra8 40. Rg7+ Ke6 41. h5 Kf6 42. Rg6+ Kf7 43. Rxc6 Rxa4 44. Rxc7+ Kf6 
45. g4 Ra6 46. Rc5 Ke6 47. g5 Kd6 48. Rc8 Ra7 49. g6 Rg7 50. Rxc4 Ke5 
51. Rh4 Kf6 52. h6 Rg8 53. g7 Kg6 54. h7 Kxg7 55. hxg8=Q+ Kxg8 56. Rf4 Kh8 
57. Rg4 Kh7 58. Kg3 Kh8 59. Kh4 Kh7 60. c4 Kh8 61. c5 Kh7 62. c6 Kh8 63. c7 Kh7 
64. c8=Q Kh6 65. Qh8# 1-0

[Event "Monday 23 April Rapid Engine Tour 12+1 Rounds 9 Starts 1600ST"]
[Site "Infinity Chess"]
[Date "2018.4.23"]
[Round "5"]
[White "Dovahkiin"]
[Black "star99"]
[Result "1/2-1/2"]
[ECO "C42"]
[WhiteElo "2376"]
[BlackElo "2473"]
[WhiteEngine "BrainFish_180418_x64_modern_CTG"]
[BlackEngine "Cryptic Heroes 9.4B"]
[EventType "Swiss"]
[WhiteTeam ""]
[BlackTeam ""]
[PlyCount "120"]
[TimeControl "720+1"]

1. e4 e5 2. Nf3 Nf6 3. Nxe5 d6 4. Nf3 Nxe4 5. Nc3 Nxc3 6. dxc3 Be7 7. Be3 O-O 
8. Qd2 Nd7 9. O-O-O c6 10. Kb1 a5 11. Bd3 d5 12. c4 Nc5 13. Bxc5 Bxc5 
14. cxd5 cxd5 15. Bc4 Be6 16. Bxd5 Qxd5 17. Qxd5 Bxd5 18. Rxd5 Bxf2 19. c3 b6 
20. Kc2 Rfe8 21. Rhd1 g6 22. a4 Re4 23. b3 Rae8 24. Rd8 Kf8 25. Rxe8+ Kxe8 
26. Ng5 Re5 27. Nf3 Re4 28. Nd2 Re2 29. Kd3 Re3+ 30. Kc4 Re7 31. Nf3 Rc7+ 
32. Kd3 Bc5 33. Re1+ Kd7 34. Ne5+ Kd6 35. Re4 Kd5 36. Nc4 Kc6 37. Ne5+ Kd5 
38. Nc4 Kc6 39. b4 axb4 40. cxb4 Bxb4 41. Ne5+ Kd6 42. Rxb4 Kxe5 43. Rb5+ Kd6 
44. Rxb6+ Kc5 45. a5 Ra7 46. Rf6 Rxa5 47. Rxf7 h5 48. Rf6 h4 49. Rxg6 Ra3+ 
50. Kc2 h3 51. g3 Ra1 52. Kb3 Rb1+ 53. Ka2 Rg1 54. Rg5+ Kd4 55. Rg4+ Ke5 
56. Ra4 Rh1 57. Kb3 Rxh2 58. Rh4 Rh1 59. Kc3 h2 60. Kb2 Kf6 1/2-1/2

[Event "Monday 23 April Rapid Engine Tour 12+1 Rounds 9 Starts 1600ST"]
[Site "Infinity Chess"]
[Date "2018.4.23"]
[Round "5"]
[White "Mr Aj"]
[Black "angriff"]
[Result "1/2-1/2"]
[ECO "A46"]
[WhiteElo "2447"]
[BlackElo "2386"]
[WhiteEngine "Houdini 6_CTG"]
[BlackEngine "DracoREX 3.07 64BIT POPCNT_CTG"]
[EventType "Swiss"]
[WhiteTeam ""]
[BlackTeam ""]
[PlyCount "210"]
[TimeControl "720+1"]

1. d4 Nf6 2. Nf3 d5 3. c4 e6 4. Nc3 c6 5. e3 Nbd7 6. Bd3 dxc4 7. Bxc4 b5 
8. Bd3 Bb7 9. e4 b4 10. Na4 c5 11. e5 Nd5 12. O-O cxd4 13. Re1 g6 14. Bf1 Bg7 
15. Bb5 a6 16. Bxd7+ Qxd7 17. Nc5 Qb5 18. Qxd4 O-O 19. Bg5 h6 20. Bf6 Nxf6 
21. Nxb7 Qxb7 22. exf6 Bh8 23. Qf4 Qd5 24. h4 Qd8 25. Qxh6 Qxf6 26. Re5 Bg7 
27. Qe3 Rfc8 28. Rd1 Rc7 29. Qd3 Rac8 30. b3 Qe7 31. Re2 a5 32. Qe3 Rd7 
33. Rxd7 Qxd7 34. Rd2 Rc1+ 35. Kh2 Qc7+ 36. g3 Bf6 37. Ng5 Rc3 38. Qe4 Kg7 
39. Qg4 Rc1 40. Qf3 Rc3 41. Qg4 Rc2 42. Qd1 Rxd2 43. Qxd2 Be7 44. Qd4+ Kg8 
45. Nh3 Bc5 46. Qe4 Bb6 47. h5 gxh5 48. Ng5 Kf8 49. Qf3 Qe7 50. Qxh5 Bd4 
51. Kg2 Qc7 52. Qh6+ Ke8 53. Qh7 Qb7+ 54. Qe4 Qd5 55. Qxd5 exd5 56. f4 Be3 
57. Kf3 Bd4 58. g4 Ba7 59. Kg2 f6 60. Nf3 Bb8 61. Kg3 Ke7 62. Nd4 Bc7 
63. Nf5+ Ke6 64. Kf3 Bb6 65. Ne3 Bd8 66. Nc2 Kd6 67. Kg3 Bb6 68. Ne1 Ke6 
69. Nd3 Bd8 70. Nb2 Bc7 71. Kf3 Bd8 72. Ke3 Kd6 73. Na4 Kc6 74. Kd4 Be7 
75. Kd3 Bd6 76. Ke3 Be7 77. Nb2 Bc5+ 78. Ke2 Be7 79. Nd3 Kd6 80. Nc1 Ke6 
81. Kd3 Bd6 82. Ne2 Bc5 83. Nd4+ Kf7 84. Nf5 Ke6 85. Ne3 Bb6 86. Nf5 Bd8 
87. Ne3 Kd6 88. Nf5+ Ke6 89. Ne3 Bb6 90. g5 fxg5 91. fxg5 Bd8 92. g6 Bf6 
93. Ng4 Bg7 94. Ne3 Ke5 95. Nc2 Kf5 96. Ne3+ Kxg6 97. Nxd5 Kf5 98. Ne3+ Ke6 
99. Ke4 Bf6 100. Nc4 a4 101. bxa4 Bh4 102. a3 bxa3 103. Nxa3 Be1 104. Nb5 Bb4 
105. Kd4 Kd7 1/2-1/2

[Event "Monday 23 April Rapid Engine Tour 12+1 Rounds 9 Starts 1600ST"]
[Site "Infinity Chess"]
[Date "2018.4.23"]
[Round "5"]
[White "OlivierEvan"]
[Black "Vimtiroba"]
[Result "1/2-1/2"]
[ECO "D31"]
[WhiteElo "2397"]
[BlackElo "2435"]
[WhiteEngine "Houdini 6"]
[BlackEngine "AsmFish A10_CTG"]
[EventType "Swiss"]
[WhiteTeam ""]
[BlackTeam ""]
[PlyCount "216"]
[TimeControl "720+1"]

1. d4 d5 2. c4 e6 3. Nc3 c6 4. Nf3 Nf6 5. e3 Nbd7 6. Qc2 Bd6 7. Bd3 O-O 
8. O-O dxc4 9. Bxc4 a6 10. Rd1 b5 11. Bd3 Qc7 12. Bd2 c5 13. Ne4 c4 
14. Nxd6 Qxd6 15. Be2 Bb7 16. b3 Bd5 17. Ba5 Rfc8 18. Qb2 Ne4 19. Rdc1 f5 
20. bxc4 Bxc4 21. Bd1 Bd5 22. Bb3 h6 23. h3 Kh7 24. Ne1 Bc4 25. Bc2 Nb6 
26. Nf3 Bd5 27. Ne5 Nc4 28. Nxc4 Bxc4 29. a3 Nf6 30. Bd1 Bd5 31. Qb4 Qd7 
32. f3 Kg8 33. Rcb1 Rab8 34. Qd2 Qd6 35. Bb4 Qc7 36. Rb2 Bc4 37. Bc2 Nd5 
38. Bc5 Rd8 39. Qf2 f4 40. exf4 Nxf4 41. Be4 Nd3 42. Bxd3 Bxd3 43. Re1 Bc4 
44. Qh4 a5 45. Rc1 a4 46. Re1 Rd7 47. Rbb1 Rf7 48. Rbc1 Rc8 49. Re4 Bd5 
50. Rg4 Kh7 51. Rc3 Qd8 52. Qe1 Qd7 53. Kh1 Kg8 54. h4 Rf5 55. Qg3 Rc6 
56. Kh2 Kh7 57. Re3 Qf7 58. Re1 Qc7 59. Rc1 h5 60. Rg5 Rxg5 61. hxg5 Qxg3+ 
62. Kxg3 Kg6 63. Kh4 Rc7 64. Re1 Rf7 65. Re3 Rf5 66. Re5 Rxe5 67. dxe5 Bc4 
68. g4 hxg4 69. Kxg4 Be2 70. Bb4 Bd1 71. Bc5 Kf7 72. Kf4 Kg6 73. Kg4 Bb3 
74. Bf8 Bd5 75. Bd6 Ba2 76. Kf4 Bb3 77. Kg4 Bc2 78. Kf4 Bb3 79. Kg4 Bc4 
80. Bc5 Bd5 81. Bd6 Bb7 82. Kf4 Kh5 83. Bf8 Bd5 84. Bc5 Bb7 85. Bf8 Bd5 
86. Bb4 g6 87. Bd2 Kh4 88. Be1+ Kh3 89. Ke3 Kg2 90. f4 Kh3 91. Bc3 Bb3 
92. Kd4 Kg4 93. Ke4 Bc4 94. Bd2 Bd5+ 95. Ke3 Kg3 96. Be1+ Kg2 97. Kd4 Bb3 
98. Ke4 Kf1 99. Bd2 Bc4 100. Kd4 Ke2 101. Bc1 Kd1 102. Be3 Kc2 103. Kc5 Kb3 
104. Bc1 Bd3 105. Kd6 Bc4 106. Kc5 Bd3 107. Kd6 Bf5 108. Kc5 Bd3 1/2-1/2

[Event "Monday 23 April Rapid Engine Tour 12+1 Rounds 9 Starts 1600ST"]
[Site "Infinity Chess"]
[Date "2018.4.23"]
[Round "5"]
[White "hafaba"]
[Black "MedusaV3"]
[Result "1/2-1/2"]
[ECO "C55"]
[WhiteElo "2440"]
[BlackElo "2410"]
[WhiteEngine "Eman 1.70-beta21 64-bit POPCNT_CTG"]
[BlackEngine "Eman 1.70-beta23 64-bit BMI2_CTG"]
[EventType "Swiss"]
[WhiteTeam ""]
[BlackTeam ""]
[PlyCount "127"]
[TimeControl "720+1"]

1. e4 e5 2. Nf3 Nc6 3. Bc4 Nf6 4. d3 Bc5 5. Nbd2 O-O 6. c3 d6 7. O-O a6 
8. a4 Ba7 9. h3 Re8 10. b4 h6 11. Re1 Qe7 12. Bb3 Be6 13. Nc4 Qd7 14. a5 Ne7 
15. Be3 Bxe3 16. Rxe3 Bxc4 17. dxc4 Ng6 18. Kh2 Red8 19. g3 c5 20. Ne1 Nf8 
21. f3 Ne6 22. Nc2 Rab8 23. Rd3 b6 24. h4 Qc7 25. axb6 Rxb6 26. Qd2 Rdb8 
27. Rb1 cxb4 28. cxb4 a5 29. bxa5 Ra6 30. Na3 Ne8 31. Nb5 Qxa5 32. Qxa5 Rxa5 
33. Rd2 Kf8 34. Kg2 g5 35. hxg5 hxg5 36. Nxd6 Nxd6 37. Rxd6 Ra3 38. Bc2 Rc8 
39. Rdb6 Rd8 40. Rb8 Rxb8 41. Rxb8+ Kg7 42. Bb3 Nd4 43. c5 g4 44. fxg4 Nxb3 
45. c6 Ra2+ 46. Kg1 Rc2 47. Rxb3 Rxc6 48. Rb5 f6 49. g5 Rc2 50. Rb7+ Kg6 
51. gxf6 Kxf6 52. Rb6+ Kg5 53. Kf1 Rc1+ 54. Ke2 Rc4 55. Kd3 Rd4+ 56. Ke3 Ra4 
57. Rd6 Ra8 58. Rd3 Kg4 59. Rd5 Ra3+ 60. Kf2 Ra1 61. Rxe5 Ra2+ 62. Ke3 Ra3+ 
63. Kd2 Rxg3 64. Rf5 1/2-1/2

[Event "Monday 23 April Rapid Engine Tour 12+1 Rounds 9 Starts 1600ST"]
[Site "Infinity Chess"]
[Date "2018.4.23"]
[Round "5"]
[White "KhalidOmar"]
[Black "SkyPilot"]
[Result "1/2-1/2 "]
[ECO "E73"]
[WhiteElo "2446"]
[BlackElo "2460"]
[WhiteEngine "Eman 1.70-beta24 64-bit BMI2"]
[BlackEngine "stockfish_x64_bmi2_2018_04_07_CTG"]
[EventType "Swiss"]
[WhiteTeam ""]
[BlackTeam ""]
[PlyCount "157"]
[TimeControl "720+1"]

1. d4 Nf6 2. c4 g6 3. Nc3 Bg7 4. e4 d6 5. Be2 O-O 6. Be3 e5 7. d5 Na6 8. Nf3 Ng4 
9. Bg5 f6 10. Bh4 Qe8 11. a3 f5 12. b4 Nf6 13. exf5 Bxf5 14. O-O Nb8 15. c5 dxc5 
16. bxc5 Kh8 17. Re1 e4 18. Nd4 Nbd7 19. c6 bxc6 20. Nxc6 Nb6 21. Rc1 Qf7 
22. Ne5 Qg8 23. Bg3 Nfxd5 24. Nxd5 Rad8 25. Nc6 Rxd5 26. Qb3 Rd7 27. Qb4 Ra8 
28. Bf1 a5 29. Qc5 Qf8 30. Ne5 Qxc5 31. Rxc5 Re7 32. Bb5 Kg8 33. a4 Bxe5 
34. Bxe5 Bd7 35. Bxc7 Nxa4 36. Bxa4 Bxa4 37. Bxa5 Bc2 38. h4 Bd3 39. Bd2 Rb8 
40. Rcc1 Kf7 41. Bg5 Rd7 42. Kh2 Rb2 43. Be3 Rdb7 44. Rc5 Rb1 45. Rxb1 Bxb1 
46. Kg3 Bd3 47. Kf4 Rd7 48. Ke5 Bf1 49. g4 Re7+ 50. Kd4 Bh3 51. g5 Bg4 
52. Rc6 Ke8 53. Rb6 Bf3 54. Rb8+ Kd7 55. Kd5 Bg2 56. Rf8 Re6 57. Kc5 Re8 
58. Rxe8 Kxe8 59. Kd6 Kf7 60. Bc5 Bf3 61. Bb4 Bh1 62. Bc5 Bf3 63. Ke5 Ke8 
64. Ke6 Bg4+ 65. Ke5 Bf3 66. Kf6 Kd7 67. Ba3 Be2 68. Bb4 Bg4 69. Ke5 Bf3 
70. Ba3 Kd8 71. Bb4 Ke8 72. Bc3 Bg2 73. Kf6 Bf3 74. Ke5 Kf7 75. Bd2 Ke7 
76. Ba5 Kd7 77. Bb6 Kc6 78. Ba5 Kd7 79. Bb4 1/2-1/2

[Event "Monday 23 April Rapid Engine Tour 12+1 Rounds 9 Starts 1600ST"]
[Site "Infinity Chess"]
[Date "2018.4.23"]
[Round "5"]
[White "MarioDeMonti"]
[Black "Eman"]
[Result "1-0"]
[ECO "C02"]
[WhiteElo "2470"]
[BlackElo "2481"]
[WhiteEngine "stockfish_x64_bmi2_2018_02_18_CTG"]
[BlackEngine "Eman 1.70-beta24 64-bit POPCNT"]
[EventType "Swiss"]
[WhiteTeam ""]
[BlackTeam ""]
[PlyCount "137"]
[TimeControl "720+1"]

1. e4 e6 2. d4 d5 3. e5 c5 4. c3 Nc6 5. Nf3 Qb6 6. a3 f6 7. Bd3 fxe5 8. dxe5 c4 
9. Bc2 g6 10. O-O Bg7 11. Nbd2 Qc7 12. Re1 Nh6 13. Ng5 O-O 14. Ndf3 Nf5 
15. Nd4 Ncxd4 16. cxd4 Qb6 17. Nf3 Bd7 18. Rb1 Qd8 19. Bg5 Qc7 20. g4 Nh6 
21. h3 b5 22. Kg2 Be8 23. Bf6 a5 24. Qd2 Bc6 25. g5 Nf5 26. Bxf5 gxf5 
27. Ng1 Rfb8 28. Ne2 Ra6 29. Nf4 Be8 30. Re3 b4 31. axb4 Rxb4 32. h4 Rb8 
33. Rg3 a4 34. g6 Bh6 35. Nxe6 Bxd2 36. Nxc7 Rab6 37. Ra1 Bb5 38. h5 Bh6 
39. Nxb5 Rxb5 40. Rxa4 Bf8 41. e6 R5b7 42. Be5 Rc8 43. Ra5 Re8 44. Rxd5 Rxe6 
45. Rd8 hxg6 46. hxg6 Rg7 47. Bxg7 Kxg7 48. d5 Re7 49. d6 Ra7 50. Rh3 Ra6 
51. d7 Rxg6+ 52. Rg3 Rxg3+ 53. fxg3 Be7 54. Ra8 Kg6 55. d8=Q Bxd8 56. Rxd8 Kf6 
57. Kf3 Ke6 58. Rd4 c3 59. bxc3 Ke5 60. Rd3 f4 61. gxf4+ Kf6 62. c4 Ke6 
63. c5 Ke7 64. c6 Kf7 65. c7 Ke7 66. c8=Q Kf7 67. Qc7+ Ke6 68. Rd6+ Kf5 69. Qf7# 
1-0

[Event "Monday 23 April Rapid Engine Tour 12+1 Rounds 9 Starts 1600ST"]
[Site "Infinity Chess"]
[Date "2018.4.23"]
[Round "5"]
[White "Katzenmaier"]
[Black "Time_bandit"]
[Result "1/2-1/2"]
[ECO "A20"]
[WhiteElo "2498"]
[BlackElo "2469"]
[WhiteEngine "Raubfisch X36d1"]
[BlackEngine "asmFishW_2018-04-11_bmi2"]
[EventType "Swiss"]
[WhiteTeam ""]
[BlackTeam ""]
[PlyCount "94"]
[TimeControl "720+1"]

1. c4 e5 2. e3 Nf6 3. Nc3 Bb4 4. Nge2 O-O 5. a3 Be7 6. d4 exd4 7. Qxd4 d6 
8. b3 a5 9. Bb2 Nbd7 10. Nd5 Nc5 11. Qc3 c6 12. Nxe7+ Qxe7 13. Ng3 Be6 
14. Be2 b5 15. Qc2 bxc4 16. bxc4 a4 17. O-O Rab8 18. Rfd1 Nfd7 19. Bc3 g6 
20. Ra2 h5 21. Qd2 h4 22. Qd4 Ne5 23. Ne4 Nxe4 24. Qxe4 c5 25. Rad2 Bf5 
26. Qd5 Rb6 27. h3 Rfb8 28. Ba1 Kf8 29. Re1 Qe6 30. f3 Qxd5 31. cxd5 g5 
32. Kf2 Rb3 33. Bxe5 dxe5 34. Rc1 Rxa3 35. Rxc5 Rab3 36. Ra5 Bd7 37. Bd1 R3b4 
38. e4 Ke7 39. Ke3 Rb1 40. Bc2 Ra1 41. Ra7 Kd6 42. Bd3 Ra3 43. Ke2 Rbb3 
44. Ra6+ Ke7 45. Ra7 Kd6 46. Ra6+ Ke7 47. Ra7 Kd6 1/2-1/2

[Event "Monday 23 April Rapid Engine Tour 12+1 Rounds 9 Starts 1600ST"]
[Site "Infinity Chess"]
[Date "2018.4.23"]
[Round "5"]
[White "Marsell"]
[Black "Thinker"]
[Result "1/2-1/2"]
[ECO "C53"]
[WhiteElo "2471"]
[BlackElo "2468"]
[WhiteEngine "BrainFish_180418_x64_bmi2"]
[BlackEngine "BrainFish_180418_x64_modern_CTG"]
[EventType "Swiss"]
[WhiteTeam ""]
[BlackTeam ""]
[PlyCount "180"]
[TimeControl "720+1"]

1. e4 e5 2. Nf3 Nc6 3. Bc4 Bc5 4. c3 Nf6 5. d3 O-O 6. O-O d6 7. h3 a6 8. Re1 Ba7 
9. Bb3 h6 10. Nbd2 Re8 11. Nf1 Be6 12. Bc2 d5 13. Qe2 b5 14. Bd2 Qd7 15. Ng3 d4 
16. a4 Bc5 17. Rec1 Qd6 18. Nh4 Ne7 19. Qe1 Bb6 20. Nf3 Nc6 21. Rab1 Red8 
22. b4 dxc3 23. Bxc3 Rac8 24. Qd2 Nh7 25. a5 Ba7 26. Ba1 f6 27. Nf5 Bxf5 
28. exf5 Nf8 29. Qe1 Kh8 30. Bd1 Qxd3 31. Bc2 Qd7 32. Be4 Ne7 33. Rd1 Qe8 
34. Rxd8 Rxd8 35. Rc1 c6 36. Bc3 Nh7 37. h4 Qh5 38. Qe2 Nf8 39. Qc2 Rd6 
40. Re1 Nd7 41. Rd1 Nd5 42. Be1 Kh7 43. Rc1 Nb8 44. g3 Nd7 45. Qd1 Qf7 
46. Qd3 Kh8 47. Qd2 Qe8 48. Qd3 Qf7 49. Qd2 Qe7 50. Qd3 Kh7 51. Qb3 Qe8 
52. Qd3 Kh8 53. Kh2 Bb8 54. Qc2 Ne7 55. Kg1 Ba7 56. Bd2 Qh5 57. Kg2 Kg8 
58. Rd1 Nd5 59. Be1 Qe8 60. Rd3 Bd4 61. Bd2 Kh8 62. g4 Qf7 63. Kf1 Ne7 
64. Be3 Nd5 65. Nxd4 exd4 66. Rxd4 Nxe3+ 67. fxe3 Qe7 68. Bxc6 Qxe3 
69. Rxd6 Qf4+ 70. Ke1 Qxd6 71. Bxd7 Qxd7 72. Qe2 Kh7 73. Qe4 Qc7 74. Ke2 Qc1 
75. h5 Qb2+ 76. Kd3 Qa1 77. Qd4 Qd1+ 78. Ke3 Qe1+ 79. Kf4 Qe2 80. Kg3 Qf1 
81. Qe3 Qc4 82. Qc5 Qd3+ 83. Kf2 Qd2+ 84. Kg3 Kg8 85. Qe7 Kh7 86. Qe8 Qxb4 
87. Qg6+ Kh8 88. Qe8+ Kh7 89. Qg6+ Kh8 90. Qe8+ Kh7 1/2-1/2

[Event "Monday 23 April Rapid Engine Tour 12+1 Rounds 9 Starts 1600ST"]
[Site "Infinity Chess"]
[Date "2018.4.23"]
[Round "5"]
[White "ocirema"]
[Black "KRAKEN"]
[Result "1/2-1/2"]
[ECO "C50"]
[WhiteElo "2439"]
[BlackElo "2537"]
[WhiteEngine "Eman 1.70-beta21 64-bit POPCNT_CTG"]
[BlackEngine "Raubfisch ME262_GTZ17b1_CTG"]
[EventType "Swiss"]
[WhiteTeam ""]
[BlackTeam ""]
[PlyCount "148"]
[TimeControl "720+1"]

1. e4 e5 2. Nf3 Nc6 3. Bc4 Bc5 4. O-O Nf6 5. d3 O-O 6. Re1 d6 7. c3 Ng4 
8. Re2 Nf6 9. a4 a5 10. Nbd2 Be6 11. Bxe6 fxe6 12. Qb3 Qe8 13. Nf1 Nh5 
14. Be3 Rb8 15. Bxc5 Rxf3 16. Be3 Rf8 17. f3 Qg6 18. Nd2 Qe8 19. Qb5 b6 
20. Nf1 Rd8 21. Bg5 Rc8 22. Rd2 Na7 23. Qxe8 Rfxe8 24. Ne3 Nc6 25. Bh4 Kf7 
26. Rc1 Rf8 27. d4 Nf4 28. Bg3 Ke8 29. Kf2 Kd7 30. Bxf4 exf4 31. Nc4 g5 
32. Ra1 Ne7 33. b4 axb4 34. cxb4 Ra8 35. b5 Rg8 36. Rda2 Rgb8 37. Nb2 h6 
38. g3 fxg3+ 39. hxg3 h5 40. Nd3 Rh8 41. Ke3 h4 42. gxh4 gxh4 43. Rc1 h3 
44. Nf4 Ra7 45. Rcc2 c6 46. Rh2 cxb5 47. axb5 Rxa2 48. Rxa2 Nc8 49. Rh2 Na7 
50. Rxh3 Rxh3 51. Nxh3 Nxb5 52. Kd3 Nc7 53. Nf4 b5 54. Ne2 Na6 55. Kc3 Ke7 
56. e5 dxe5 57. dxe5 Nc5 58. f4 Ne4+ 59. Kd4 Nf2 60. Ke3 Nd1+ 61. Kd2 Nb2 
62. Kc3 Nd1+ 63. Kb3 Kf7 64. Nd4 Nf2 65. Kc3 Ne4+ 66. Kc2 b4 67. Kd3 Nc3 
68. Kc4 Ke7 69. Nc6+ Kf8 70. Nxb4 Ne2 71. f5 exf5 72. Nc2 Ke7 73. Nd4 Nxd4 
74. Kxd4 Ke6 1/2-1/2

[Event "Monday 23 April Rapid Engine Tour 12+1 Rounds 9 Starts 1600ST"]
[Site "Infinity Chess"]
[Date "2018.4.23"]
[Round "4"]
[White "beka"]
[Black "Dovahkiin"]
[Result "0-1"]
[ECO "C77"]
[WhiteElo "2321"]
[BlackElo "2362"]
[WhiteEngine "Eman 1.70-beta21 64-bit"]
[BlackEngine "BrainFish_180418_x64_modern_CTG"]
[EventType "Swiss"]
[WhiteTeam ""]
[BlackTeam ""]
[PlyCount "142"]
[TimeControl "720+1"]

1. e4 e5 2. Nf3 Nc6 3. Bb5 a6 4. Ba4 Nf6 5. O-O Be7 6. Bxc6 dxc6 7. Re1 Nd7 
8. d3 O-O 9. Be3 b6 10. Nbd2 a5 11. a4 Qe8 12. Nf1 f6 13. Ng3 g6 14. c3 Qf7 
15. Rc1 c5 16. b3 Ba6 17. Qc2 Rfe8 18. Rcd1 Rad8 19. Bh6 Nb8 20. h4 Nc6 
21. Nf1 Bc8 22. Rd2 Rd6 23. Qd1 Be6 24. c4 Bf8 25. Bxf8 Rxf8 26. Ne3 Qd7 
27. Qe2 Rd8 28. Nd5 Bxd5 29. cxd5 Nb4 30. Rc1 c6 31. dxc6 Nxc6 32. Rc3 Nb4 
33. Ne1 f5 34. Nf3 f4 35. Qd1 Qe7 36. Kf1 h6 37. h5 Nc6 38. hxg6 Rxg6 
39. Rc1 Qe6 40. Nh4 Rg5 41. Nf5 Kh7 42. f3 Rdg8 43. Qe1 Qf7 44. Qf2 Rh5 
45. Kg1 Rh3 46. Re1 Nd4 47. Nxd4 exd4 48. Kf1 Rh2 49. Rdd1 Rg3 50. e5 Qg6 
51. Rd2 Rg5 52. Qg1 Qh5 53. Qf2 Rh1+ 54. Ke2 Rxg2 55. Kd1 Rxf2 56. Rxf2 Rxe1+ 
57. Kxe1 Qxe5+ 58. Re2 Qe3 59. Rxe3 fxe3 60. Ke2 h5 61. Kd1 h4 62. Ke2 h3 
63. Kf1 Kg6 64. b4 cxb4 65. f4 Kf5 66. Ke1 h2 67. Kd1 h1=Q+ 68. Kc2 e2 
69. Kb3 e1=Q 70. Kc4 Qc6+ 71. Kb3 Qb1# 0-1

[Event "Monday 23 April Rapid Engine Tour 12+1 Rounds 9 Starts 1600ST"]
[Site "Infinity Chess"]
[Date "2018.4.23"]
[Round "4"]
[White "star99"]
[Black "CrapCleaner"]
[Result "1/2-1/2"]
[ECO "D30"]
[WhiteElo "2474"]
[BlackElo "2442"]
[WhiteEngine "Cryptic Heroes 9.4B"]
[BlackEngine "Raubfisch ME262_GTZ17b1_CTG"]
[EventType "Swiss"]
[WhiteTeam ""]
[BlackTeam ""]
[PlyCount "115"]
[TimeControl "720+1"]

1. d4 d5 2. c4 e6 3. Nf3 Nf6 4. Nc3 c6 5. Bg5 h6 6. Bh4 dxc4 7. e4 g5 8. Bg3 b5 
9. Be2 Bb7 10. h4 g4 11. Ne5 Nbd7 12. Nxd7 Qxd7 13. Be5 Qe7 14. Bxg4 Rg8 
15. Bh3 b4 16. Ne2 Nxe4 17. Rc1 Qxh4 18. g3 Qd8 19. Bg2 Nd6 20. Bxd6 Bxd6 
21. Rxc4 Rc8 22. Qd2 Bf8 23. Nf4 Qd6 24. Qc2 Bg7 25. d5 Ba6 26. dxe6 Bxc4 
27. Qxc4 fxe6 28. O-O Kf7 29. Kh2 Rce8 30. Bf3 Bd4 31. Bh5+ Kg7 32. Bxe8 Rxe8 
33. Qe2 e5 34. Re1 c5 35. Qg4+ Kh8 36. Qf5 Bxf2 37. Ng6+ Kg7 38. Rxe5 Qd1 
39. Kg2 Rxe5 40. Nxe5 Qg1+ 41. Kf3 Qxg3+ 42. Ke2 Qe3+ 43. Kf1 Qe1+ 44. Kg2 Qg1+ 
45. Kf3 Qg3+ 46. Ke2 h5 47. Qxh5 Qe3+ 48. Kd1 Qd4+ 49. Kc2 Kf6 50. Ng4+ Ke7 
51. Qg5+ Kd6 52. Qg6+ Ke7 53. Qh7+ Ke8 54. Qg6+ Kd8 55. Qg8+ Ke7 56. Qg5+ Kd6 
57. Qg6+ Ke7 58. Qg5+ 1/2-1/2